AoeStats
← timmy_turner

Arabian Desert

510645554Analyzed
1v1 RM · 2d ago on Oct 2, 2026· 32m 21s· 2 players
Game mode
Random Map
Map size
Tiny (2 player)
Population
200
Speed
Normal
Resources
Standard
Victory
Conquest
Starting age
Dark Age
Ending age
Imperial Age
RankedLock teamsTeams togetherTeam positionsShared explorationLock speedFull tech treeHidden civsTurbo modeCheats
Victory
Defeat
🇿🇦 Sicilians · South Africa
1614
+16
🇺🇸 Tatars · United States
1618
-16
takisco
5:58 Loom
8:31 Feudal Age
9:31 Double-Bit Axe
16:04 Fletching
17:02 Padded Archer Armor
22:15 Castle Age
22:00 Gold Mining
23:04 Crossbowman
23:49 Bodkin Arrow
24:18 Bow Saw
26:07 Pikeman
timmy_turner
6:46 Loom
9:15 Feudal Age
9:43 Double-Bit Axe
13:34 Horse Collar
14:58 Fletching
21:10 Bloodlines
22:01 Scale Barding Armor
25:07 Castle Age
24:20 Forging
24:52 Gold Mining
26:33 Bow Saw
26:36 Heavy Plow
26:54 Husbandry
30:21 Wheelbarrow
29:11 Light Cavalry
Connection lost

Rejoining the realm…

Still unreachable

The connection could not be restored.

Session expired

The server has moved on; the page needs a fresh start.